 Dungeon Crawl Stone Soup version 0.27.1-16-g815e20cd7a (webtiles) character file.

Game seed: 9186932987101889761

1171 Brecoman the Grave Robber (level 8, -1/62 HPs)
             Began as a Demonspawn Necromancer on Nov 16, 2021.
             Slain by Edmund (17 damage)
             ... on level 6 of the Dungeon on Nov 23, 2021.
             The game lasted 00:45:16 (7500 turns).

Brecoman the Grave Robber (Demonspawn Necromancer)  Turns: 7500, Time: 00:45:17

Health: -1/62      AC:  0    Str:  9    XL:     8   Next: 18%
Magic:  5/15       EV: 14    Int: 18    God:
Gold:   350        SH:  0    Dex: 14    Spells: 8/17 levels left

rFire    . . .     SeeInvis .   B - +3 demon trident (vamp)
rCold    . . .     Faith    .   (no shield)
rNeg     . . .     Spirit   .   a - +0 robe
rPois    .         Reflect  .   (helmet restricted)
rElec    .         Harm     .   (no cloak)
rCorr    .         Rampage  .   (no gloves)
Will     .....                  f - +1 pair of boots
Stlth    ++........             (no amulet)
HPRegen  0.20/turn              (no ring)
MPRegen  0.14/turn              (no ring)

@: corroded
A: horns 1, repulsion field 1, spiny 2, demonic magic 2
a: no special abilities


You were on level 6 of the Dungeon.
You visited 1 branch of the dungeon, and saw 6 of its levels.

You collected 350 gold pieces.

Inventory:

Hand Weapons
 i - a +0 mace
 z - a +1 spear of electrocution
 B - a +3 vampiric demon trident (weapon)
Missiles
 b - 35 poisoned darts (quivered)
Armour
 a - a +0 robe (worn)
 f - a +1 pair of boots (worn)
 w - a +0 helmet
Magical Staves
 e - a staff of conjuration
 y - a staff of earth
Wands
 p - a wand of iceblast (7)
 r - a wand of flame (17)
 v - a wand of digging (3)
Scrolls
 d - a scroll of acquirement
 g - 4 scrolls of identify
 j - a scroll of summoning
 m - a scroll of enchant armour
Potions
 c - 2 potions of flight
 h - a potion of invisibility {unknown}
 k - a potion of curing {unknown}
 l - 2 potions of cancellation {unknown}
 n - a potion of lignification {unknown}
 t - a potion of heal wounds {unknown}
 u - a potion of magic {unknown}
 x - 2 potions of ambrosia {unknown}
 A - a potion of degeneration {unknown}


   Skills:
 + Level 5.1 Fighting
 * Level 2.4 Polearms
 - Level 1.7 Dodging
 - Level 1.7 Stealth
 + Level 5.1 Spellcasting
 + Level 7.3 Necromancy


You had 8 spell levels left.
You knew the following spells:

 Your Spells              Type           Power      Damage    Failure   Level
a - Pain                  Necr           100%       1d9       1%          1
b - Animate Skeleton      Necr           62%        N/A       1%          1
c - Vampiric Draining     Necr           15%        2d8       1%          3
d - Animate Dead          Necr           15%        N/A       6%          4

Your spell library contained the following spells:

 Spells                   Type           Power      Damage    Failure   Level
 Sublimation of Blood     Necr           15%        N/A       1%          2
 Agony                    Necr           31%        N/A       17%         5
 Slow                     Hex            4%         N/A       21%         2
 Confusing Touch          Hex            4%         N/A       36%         3
 Petrify                  Tmut/Erth      4%         N/A       78%         4
 Irradiate                Conj/Tmut      2%         3d14      98%         5


Dungeon Overview and Level Annotations

Branches:
Dungeon (6/15)
 Temple: D:4-7

Altars:
Fedhas
Sif Muna
Trog

Annotations:
D:3 3 runed translucent doors, chujev's ghost, novice DrTm
D:5 exclusion: yak
D:6 Edmund


Innate Abilities, Weirdness & Mutations

You have a pair of small horns on your head.
You are surrounded by a mild repulsion field. (EV +2)
You are mostly covered in sharp spines.
Spells you cast may paralyse nearby enemies.


Message History

You hit the jelly. The acid corrodes you!
Your hands burn!
The jelly is almost dead.
Edmund is struck by your spines.
Edmund hits you with a +2 dire flail of protection!
The jelly misses you. Edmund closely misses you.
You hit the jelly.
You feel better.
You kill the jelly!
Edmund is struck by your spines. Edmund misses you.
Casting: Animate Dead (dangerous; 6% risk of failure)
Confirm with . or Enter, or press ? or * to list all spells.
Aiming: Vampiric Draining (safe; 1% risk of failure)
Press: ? - help, Shift-Dir - straight line, f - Edmund
Aim: Edmund, wielding a +2 dire flail of protection, wearing a +0 ring mail and carrying a wand of digging (3) (heavily wounded)
You draw life force from Edmund.
You feel life coursing into your body. Malevolent energies surge around you.
The orc is struck by your spines. The orc closely misses you.
Edmund hits you with a +2 dire flail of protection!
Casting: Vampiric Draining (safe; 1% risk of failure)
Confirm with . or Enter, or press ? or * to list all spells.
Aiming: Vampiric Draining (safe; 1% risk of failure)
Press: ? - help, Shift-Dir - straight line, f/p - Edmund
Aim: Edmund, wielding a +2 dire flail of protection, wearing a +0 ring mail and carrying a wand of digging (3) (heavily wounded)
You draw life force from Edmund!
You feel life coursing into your body. Malevolent energies surge around you.
The orc suddenly stops moving!
Edmund is struck by your spines.
Edmund hits you with a +2 dire flail of protection!
* * * LOW HITPOINT WARNING * * *
Unknown command.
The orc is no longer paralysed.
You see here a +0 war axe.
Casting: Vampiric Draining (safe; 1% risk of failure)
Confirm with . or Enter, or press ? or * to list all spells.
You can't see any susceptible monsters within range! (Use Z to cast anyway.) Reach: B) +3 demon trident (vamp)
Press: ? - help, Dir - move target, f/p - Edmund
Aim: Edmund, wielding a +2 dire flail of protection, wearing a +0 ring mail and carrying a wand of digging (3) (almost dead, about 32% to evade your +3 vampiric demon trident)
You reach to attack!
You barely miss Edmund.
Edmund is almost dead.
Edmund hits you with a +2 dire flail of protection!
You die...

#≈≈≈≈≈# #.# * #≈≈≈≈≈### #.#
* *#≈≈≈≈≈#. ##########.# *
##≈≈≈≈≈. #..........#####
###* #..≈≈≈≈#
##.######........
...####.#≈≈≈≈####...#
#.#######
≈.......##........#.# #.#
/.≈.....#.#)#####...#####.#
.≈≈...#.))...)o@@.........#
o.....##.##################
.≈F...### ..≈...# ≈.....#
.....## ....## #####


You could see Edmund and an orc.

Vanquished Creatures
  2 ogres
  A centaur (D:5)
  2 necrophages
  A bullfrog (D:6)
  A water moccasin skeleton (D:4)
  2 bullfrog zombies
  2 hounds (D:5)
  2 jellies
  A gnoll shaman (D:5)
  An orc priest (D:6)
  5 iguanas
  An orc wizard (D:6)
  A hound zombie (D:5)
  Robin (D:4)
  6 adders
  3 gnolls (D:5)
  A shadow imp (D:5)
  4 worms
  5 dart slugs
  8 orcs
  9 endoplasms
  4 giant cockroaches
  18 goblins
  7 hobgoblins
  5 jackals
  4 kobolds
  5 quokkas
  8 ball pythons
  4 bats
  2 frilled lizards (D:3)
  7 rats
123 creatures vanquished.

Vanquished Creatures (others)
  2 fungi (D:3)
  2 plants (D:3)
4 creatures vanquished.

Grand Total: 127 creatures vanquished

Notes
Turn   | Place    | Note
-------+----------+-------------------------------------------
     0 | D:1      | Brecoman the Demonspawn Necromancer began the quest for the
                  | Orb.
     0 | D:1      | Reached XP level 1. HP: 13/13 MP: 3/3
     7 | D:1      | Learned a level 1 spell: Animate Skeleton
   251 | D:1      | Found a faded altar of an unknown god.
   544 | D:1      | Gained mutation: You are partially covered in sharp spines.
                  | [demonic ancestry]
   544 | D:1      | Reached XP level 2. HP: 17/20 MP: 0/5
   723 | D:1      | Reached skill level 1 in Fighting
  1208 | D:1      | Reached XP level 3. HP: 25/26 MP: 4/6
  2033 | D:2      | Reached skill level 5 in Necromancy
  2375 | D:3      | Learned a level 3 spell: Vampiric Draining
  2512 | D:3      | Gained mutation: Spells you cast may paralyse adjacent
                  | enemies. [demonic ancestry]
  2512 | D:3      | Reached XP level 4. HP: 28/33 MP: 2/8
  2856 | D:3      | Found a shimmering blue altar of Sif Muna.
  3267 | D:3      | Found a runed translucent gate.
  3268 | D:3      | Found a runed translucent gate.
  3269 | D:3      | Found a runed translucent gate.
  3271 | D:3      | Noticed a kobold brigand
  3273 | D:3      | Noticed chujev's ghost (novice DrTm)
  4318 | D:4      | Gained mutation: Spells you cast may paralyse nearby
                  | enemies. [demonic ancestry]
  4318 | D:4      | Reached XP level 5. HP: 27/40 MP: 9/9
  4669 | D:4      | Noticed Robin
  4686 | D:4      | Killed Robin
  5076 | D:5      | Entered Level 5 of the Dungeon
  5089 | D:5      | Noticed an ogre
  5092 | D:5      | Noticed a centaur
  5092 | D:5      | Noticed a necrophage
  5143 | D:5      | Upgraded the game from 0.27.1-4-g1640c2035a to
                  | 0.27.1-16-g815e20cd7a
  5196 | D:5      | Killed an ogre
  5197 | D:5      | Gained mutation: You are mostly covered in sharp spines.
                  | [demonic ancestry]
  5197 | D:5      | Reached XP level 6. HP: 40/47 MP: 3/11
  5470 | D:4      | Reached skill level 6 in Necromancy
  5920 | D:5      | Gained mutation: You have a pair of small horns on your
                  | head. [demonic ancestry]
  5920 | D:5      | Reached XP level 7. HP: 51/54 MP: 5/13
  5949 | D:5      | Learned a level 4 spell: Animate Dead
  6289 | D:5      | Found a blossoming altar of Fedhas.
  6337 | D:5      | Identified the +0 helmet "Safomo" {Dex+3}
  6616 | D:5      | Noticed a yak
  6616 | D:5      | Noticed a yak
  6616 | D:5      | Noticed a yak
  6688 | D:5      | Reached skill level 7 in Necromancy
  6750 | D:6      | Identified 2 scrolls of acquirement
  6750 | D:6      | Acquired a +2 vampiric demon trident
  6804 | D:6      | Reached skill level 1 in Polearms
  7148 | D:6      | Reached skill level 5 in Fighting
  7148 | D:6      | Reached skill level 5 in Spellcasting
  7247 | D:6      | Found a bloodstained altar of Trog.
  7247 | D:6      | Noticed Edmund
  7259 | D:6      | Gained mutation: You are surrounded by a mild repulsion
                  | field. (EV +2) [demonic ancestry]
  7259 | D:6      | Reached XP level 8. HP: 62/62 MP: 15/15
  7500 | D:6      | Slain by Edmund

Illustrated notes

Levels and vault maps discovered:
D:1:      mrwooster_arrival_statue, layout_basic, ebering_ecumenical_altar_rust,
          minivault_27
D:2:      layout_basic
D:3:      layout_basic, mainiacjoe_overflow_24_doors,
          gammafunk_ghost_nasty_kobolds
D:4:      kennysheep_goblin_castle, layout_basic
D:5:      cheibrodos_two_vegetables, layout_rooms,
          mainiacjoe_overflow_cross_hatched
D:6:      wander_river, layout_loops_ring, mainiacjoe_overflow_small_starburst,
          general_overflow_altar, nrook_loot_triangle, uniq_edmund

Skill      XL: |  1  2  3  4  5  6  7  8 |
---------------+-------------------------+-----
Fighting       | 1 2 3 4 5 |  5.1
Necromancy     | 5 6 7 |  7.3
Spellcasting   | 3 4 5 |  5.1
Polearms       | 1 2 |  2.4
Dodging        | |  1.7
Stealth        | |  1.7

Action                   |  1- 3 |  4- 6 |  7- 9 || total
-------------------------+-------+-------+-------++-------
Melee: Unarmed           |     1 |       |       ||     1
       Mace              |     4 |    28 |       ||    32
       Spear             |       |       |    24 ||    24
       Demon trident     |       |       |    37 ||    37
       Headbutt          |       |       |    11 ||    11
Throw: Dart              |    20 |     6 |       ||    26
 Cast: Pain              |    70 |   100 |    20 ||   190
       Animate Skeleton  |     8 |    22 |     1 ||    31
       Vampiric Draining |       |     4 |     2 ||     6
       Animate Dead      |       |       |     3 ||     3
  Use: Scroll            |       |       |     9 ||     9
 Stab: Paralysed         |       |     4 |     1 ||     5
       Sleeping          |       |     1 |     1 ||     2
Armor: Robe              |     1 |     9 |     8 ||    18
Dodge: Dodged            |    11 |    41 |    22 ||    74
